 Dungeon Crawl Stone Soup version 0.22-a0-800-g058c00f (webtiles) character file.

532 zishaf the Firebug (level 7, -1/46 HPs)
             Began as a Barachi Fire Elementalist on July 21, 2018.
             Slain by Pikel
             ... wielding a +0 whip of electrocution
              (4 damage)
             ... on level 3 of the Dungeon.
             The game lasted 00:12:36 (3359 turns).

zishaf the Firebug (Barachi Fire Elementalist)      Turns: 3359, Time: 00:12:36

Health: -1/46      AC:  6    Str:  9    XL:     7   Next: 24%
Magic:  4/13       EV: 13    Int: 18    God:
Gold:   57         SH:  0    Dex: 12    Spells: 11/14 levels left

rFire    . . .     SeeInvis .   a - +1 dagger (venom)
rCold    + . .     Gourm    .   (no shield)
rNeg     . . .     Faith    .   p - +1 robe {rC+}
rPois    .         Spirit   .   (no helmet)
rElec    .         Reflect  .   s - +2 cloak {+Inv}
rCorr    .         Harm     .   (no gloves)
MR       .....                  (no boots)
Stlth    ++........             g - amulet of magic regeneration
HPRegen  0.15/turn              (no ring)
MPRegen  0.38/turn              (no ring)

@: slow
A: +LOS, swims, slowness 1, strong legs 1
a: Hop, Evoke Invisibility


You were on level 3 of the Dungeon.
You were hungry.

You visited 1 branch of the dungeon, and saw 4 of its levels.

You collected 147 gold pieces.
You spent 90 gold pieces at shops.

Inventory:

Hand Weapons
 a - a +1 dagger of venom (weapon)
 b - a +0 blowgun
 e - a +0 short sword
Missiles
 q - 14 poisoned needles
Armour
 p - a +1 robe of cold resistance (worn)
 s - a +2 cloak of invisibility (worn)
Jewellery
 g - an amulet of magic regeneration (around neck)
Scrolls
 f - 2 scrolls of remove curse {unknown}
 h - 2 scrolls of enchant weapon {unknown}
 i - 8 scrolls of identify {unknown}
 l - 2 scrolls of teleportation {unknown}
 t - a scroll of blinking {unknown}
Potions
 d - 2 potions of curing
 j - a potion of brilliance {unknown}
 k - a potion of flight {unknown}
 m - 5 potions of lignification {unknown}
 n - a potion of agility {unknown}
 o - a potion of mutation {unknown}
 r - a potion of resistance {unknown}
Comestibles
 c - 7 rations


   Skills:
 - Level 4.0 Dodging
 - Level 1.7 Stealth
 + Level 4.4 Spellcasting
 + Level 4.3 Conjurations
 + Level 5.4 Fire Magic


You had 11 spell levels left.
You knew the following spells:

 Your Spells              Type           Power        Failure   Level  Hunger
a - Flame Tongue          Conj/Fire      ###..        1%          1    None
b - Throw Flame           Conj/Fire      ###...       3%          2    ##.....

Your spell library contained the following spells:

 Spells                   Type           Power        Failure   Level  Hunger
 Fireball                 Conj/Fire      ###.......   47%         5    ######.
 Conjure Flame            Conj/Fire      ###.....     6%          3    ###....
 Sticky Flame             Conj/Fire      ###.....     19%         4    ####...
 Inner Flame              Hex/Fire       ##......     14%         3    ###....


Dungeon Overview and Level Annotations

Branches:
Dungeon (4/15)
 Temple: D:4-7

Altars:
Ru
Zin

Shops:
D:4 :

Annotations:
D:3 Pikel
D:4 3 runed doors, GlasyaLabolas's ghost, amateur MiMo; YouKnowWho's ghost, amateur GrFi


Innate Abilities, Weirdness & Mutations

Shadows flee at your approach. (+LOS)
You can swim through water.
You cover ground slowly.
You can hop short distances.


Message History

Casting: Flame Tongue (safe; 1% risk of failure)
Confirm with . or Enter, or press ? or * to list all spells.
Aiming: Flame Tongue (safe; 1% risk of failure)
Press: ? - help, Shift-Dir - straight line, f/p - Pikel
Aim: Pikel, wielding a whip of electrocution and wearing an embroidered robe (heavily wounded)
The flame tongue hits Pikel.
Pikel appears unharmed.
Pikel is heavily wounded.
Pikel barely misses you.
Casting: Flame Tongue (safe; 1% risk of failure)
Confirm with . or Enter, or press ? or * to list all spells.
Aiming: Flame Tongue (safe; 1% risk of failure)
Press: ? - help, Shift-Dir - straight line, f/p - Pikel
Aim: Pikel, wielding a whip of electrocution and wearing an embroidered robe (heavily wounded)
The flame tongue hits Pikel.
Pikel resists.
Pikel is severely wounded.
Pikel hits you with a whip of electrocution!
* * * LOW HITPOINT WARNING * * *
You fail to use your ability.
Pikel hits you with a whip of electrocution.
You die...

#..# #######......# #..#
#.............
#..####.########.... ###
#....##.# #...# ..#
##.#.##.# ######.... #.#
###.#.##รท# #......###
#.# #.....##.###.####.# #
#.# #.#...<......##...###
#.# #.#K@...........#....
#.#########
#.#...##.########...#
#.....>...# #..###.#.#
#.... #########.# #.##
##..########.... #.# #.#
#.........#.... #.# #.##
##............## #.#
#..###.##.#####.#.## #.#
#.#...........#.#.###
#.###.#.#.###.###.#.#.##.


You could see Pikel.

Vanquished Creatures
  Sigmund (D:4)
  A slave (D:4)
  An ice beast (D:2)
  Crazy Yiuf (D:4)
  2 orc priests (D:3)
  An orc wizard (D:2)
  A worker ant (D:4)
  7 adders
  An ooze (D:1)
  A worm (D:2)
  4 dart slugs
  5 leopard geckos
  2 orcs
  A ball python (D:2)
  7 bats
  5 giant cockroaches
  4 goblins
  8 hobgoblins
  6 kobolds
  A quokka (D:3)
  5 frilled lizards
  10 rats
75 creatures vanquished.

Vanquished Creatures (others)
  A withered plant (D:4)
1 creature vanquished.

Grand Total: 76 creatures vanquished

Notes
Turn   | Place    | Note
-------+----------+-------------------------------------------
     0 | D:1      | zishaf the Barachi Fire Elementalist began the quest for the Orb.
     0 | D:1      | Reached XP level 1. HP: 13/13 MP: 3/3
   150 | D:1      | Reached XP level 2. HP: 15/19 MP: 0/5
   264 | D:1      | Learned a level 2 spell: Throw Flame
   428 | D:1      | Reached XP level 3. HP: 24/24 MP: 4/6
   811 | D:2      | Reached XP level 4. HP: 30/30 MP: 1/8
   829 | D:2      | Noticed an ice beast
   935 | D:2      | Reached skill level 4 in Fire Magic
   966 | D:2      | Found a faded altar of an unknown god.
  1100 | D:2      | Found a sacrificial altar of Ru.
  1106 | D:2      | Reached XP level 5. HP: 33/35 MP: 4/9
  1283 | D:2      | Killed an ice beast
  1641 | D:3      | Reached XP level 6. HP: 41/41 MP: 9/11
  2165 | D:4      | Noticed Sigmund
  2173 | D:4      | Killed Sigmund
  2173 | D:4      | Reached skill level 5 in Fire Magic
  2173 | D:4      | Reached XP level 7. HP: 24/46 MP: 5/13
  2512 | D:4      | Found a runed door.
  2516 | D:4      | Noticed Crazy Yiuf
  2523 | D:4      | Killed Crazy Yiuf
  2725 | D:4      | Found Zin's Purification Station.
  2727 | D:4      | Found a glowing silver altar of Zin.
  2732 | D:4      | Bought a potion of curing for 90 gold pieces
  2774 | D:4      | Found Iniuthra's Book Boutique.
  2942 | D:4      | Found a runed gate.
  2942 | D:4      | Found a runed gate.
  2942 | D:4      | Found a runed gate.
  2943 | D:4      | Noticed GlasyaLabolas's ghost (amateur MiMo)
  2945 | D:4      | Noticed YouKnowWho's ghost (amateur GrFi)
  3085 | D:4      | Noticed Pikel
  3359 | D:3      | Slain by Pikel

Vault maps used:
D:1:      dpeg_arrival_orchard, hangedman_feature_mirror
D:2:      nicolae_ru_great_annihilating_truth, chequers_ecumenical_altar_simple,
          corexii_leaking_fountain
D:4:      zin_purify, serial_shops, shop, first_ration,
          gammafunk_ghost_cemetery, minivault_14, uniq_pikel, uniq_sigmund,
          uniq_crazy_yiuf_cottage

Skill      XL: |  1  2  3  4  5  6 |
---------------+-------------------+-----
Conjurations   | 2 3 4 |  4.3
Dodging        | 3 4 |  4.0
Fire Magic     | 4 5 |  5.4
Spellcasting   | 3 4 |  4.4
Stealth        | |  1.7

Action                   |  1- 3 |  4- 6 |  7- 9 || total
-------------------------+-------+-------+-------++-------
Melee: Short sword       |     7 |       |       ||     7
 Cast: Flame Tongue      |    54 |    72 |    43 ||   169
       Throw Flame       |    10 |    17 |     8 ||    35
 Abil: Hop               |       |     3 |     1 ||     4
  Eat: Chunk             |     1 |     6 |     3 ||    10
Armor: Robe              |     6 |     4 |     4 ||    14
Dodge: Dodged            |    15 |    11 |    15 ||    41

Table legend:
 A = Spawn XP
 B = Non-spawn XP
 C = Spawn XP percentage of total XP
 D = Spawn monster count
 E = Non-spawn monster count
 F = Spawn count percentage of total count
 G = Total turns spent on level
                    A         B        C        D         E        F      G
               +---------+---------+-------+---------+---------+-------+---------
         Total |       0 |     760 |   0.0 |       0 |      74 |   0.0 |  3359
               +---------+---------+-------+---------+---------+-------+---------
           D:1 |       0 |      39 |   0.0 |       0 |      20 |   0.0 |   692
           D:2 |       0 |     272 |   0.0 |       0 |      25 |   0.0 |   815
           D:3 |       0 |     129 |   0.0 |       0 |      22 |   0.0 |   859
           D:4 |       0 |     320 |   0.0 |       0 |       7 |   0.0 |   993
               +---------+---------+-------+---------+---------+-------+---------
